AoeStats
← makia.man

Black Forest

510445434Analyzed
4v4 RM · 23h ago on Oct 1, 2026· 52m 33s· 8 players
Game mode
Random Map
Map size
Large (8 player)
Population
200
Speed
Normal
Resources
Standard
Victory
Conquest
Starting age
Dark Age
Ending age
Imperial Age
RankedLock teamsTeams togetherTeam positionsShared explorationLock speedFull tech treeHidden civsTurbo modeCheats
Victory
Defeat
🇨🇴 Celts · Colombia
760
+11
🇨🇴 Lithuanians · Colombia
732
+12
🇨🇴 Khmer · Colombia
673
+15
🇨🇴 Sicilians · Colombia
587
+18
🇵🇪 Romans · Peru
688
-16
🇺🇸 Franks · United States
650
-14
🇺🇸 Huns · United States
642
-14
🇲🇽 Khmer · Mexico
595
-12
BRT Easy
0:40 Loom
17:11 Feudal Age
20:38 Horse Collar
20:47 Double-Bit Axe
21:01 Gold Mining
21:03 Stone Mining
26:07 Bloodlines
27:36 Scale Barding Armor
27:42 Forging
jd.bu.beard
0:34 Loom
14:51 Feudal Age
20:26 Castle Age
22:12 Scale Barding Armor
22:18 Forging
25:51 Chain Barding Armor
26:08 Iron Casting
34:50 Imperial Age
35:41 Cavalier
37:11 Paladin
41:08 Plate Barding Armor
41:33 Blast Furnace
43:06 Conscription
45:03 Scale Mail Armor
PorQue
GEDIAN
0:31 Loom
14:51 Feudal Age
15:17 Horse Collar
19:38 Scale Barding Armor
20:15 Forging
22:15 Scale Mail Armor
24:54 Man-at-Arms
28:24 Castle Age
27:22 Double-Bit Axe
27:56 Fletching
30:10 Heavy Plow
30:46 Gold Mining
31:09 Bow Saw
32:31 Bodkin Arrow
34:33 Wheelbarrow
36:19 Ballistas
36:49 Hand Cart
39:47 Imperial Age
Changowar
13:46 Feudal Age
17:10 Castle Age
15:37 Double-Bit Axe
15:35 Horse Collar
21:26 Wheelbarrow
28:21 Hand Cart
28:24 Bow Saw
28:08 Light Cavalry
28:59 Bloodlines
31:02 Loom
37:03 Imperial Age
35:04 Gold Mining
36:27 Town Watch
39:44 Heavy Plow
39:50 Heavy Plow
40:34 Town Patrol
40:45 Double Crossbow
40:28 Hussar
41:09 Husbandry
42:06 Gold Shaft Mining
41:22 Stone Mining
41:19 Heavy Scorpion
42:47 Elite Battle Elephant
47:28 Chemistry
47:28 Redemption
48:31 Siege Engineers
El Abuelo Morris
16:23 Feudal Age
18:34 Wheelbarrow
17:41 Horse Collar
17:52 Gold Mining
17:53 Stone Mining
17:51 Double-Bit Axe
23:14 Castle Age
22:51 Forging
22:32 Fletching
24:49 Scale Mail Armor
24:49 Padded Archer Armor
26:31 Iron Casting
25:51 Bodkin Arrow
25:58 Heavy Plow
25:45 Town Watch
26:17 Hand Cart
27:08 Caravan
27:47 Chain Mail Armor
27:47 Leather Archer Armor
28:11 Gold Shaft Mining
28:11 Stone Shaft Mining
27:55 Bow Saw
30:13 Stronghold
39:06 Imperial Age
39:17 Arson
39:18 Gambesons
38:53 Pikeman
40:59 Blast Furnace
40:30 Plate Mail Armor
39:32 Onager
42:27 Furor Celtica
43:12 Conscription
42:54 Halberdier
48:15 Siege Onager
51:08 Chemistry
50:29 Ballistics
50:15 Siege Engineers
50:35 Elite Woad Raider
50:40 Heavy Scorpion
handorxonbro106
1:33 Loom
15:18 Feudal Age
16:31 Double-Bit Axe
16:32 Horse Collar
16:45 Gold Mining
16:45 Stone Mining
18:14 Wheelbarrow
23:10 Castle Age
22:18 Forging
23:09 Arson
22:45 Man-at-Arms
24:57 Hand Cart
27:27 Stone Shaft Mining
27:04 Bow Saw
26:57 Heavy Plow
29:02 Caravan
38:06 Imperial Age
37:16 Scale Barding Armor
39:31 Crop Rotation
40:30 Fishing Lines
41:59 Iron Casting
42:49 Elite Leitis
43:31 Scale Mail Armor
47:38 Chain Barding Armor
47:56 Gillnets
48:47 Hill Forts
51:57 Chemistry
51:17 Ballistics
50:38 Treadmill Crane
50:53 Murder Holes
makia.man
0:37 Loom
16:18 Feudal Age
18:00 Wheelbarrow
17:11 Town Watch
17:32 Double-Bit Axe
17:31 Horse Collar
25:32 Castle Age
26:25 Town Patrol
27:25 Heavy Plow
27:03 Pikeman
28:00 Forging
27:51 Scale Mail Armor
28:54 Hand Cart
31:02 Arson
31:17 Squires
33:40 Bow Saw
36:41 Imperial Age
34:56 Iron Casting
34:26 Scale Barding Armor
35:59 Gambesons
36:33 Chain Mail Armor
37:55 Ballistics
38:10 Crop Rotation
37:44 Gold Mining
37:50 Stone Mining
42:00 Conscription
41:48 Hauberk
41:51 Elite Serjeant
45:19 First Crusade
44:33 Halberdier
46:35 Hoardings
Connection lost

Rejoining the realm…

Still unreachable

The connection could not be restored.

Session expired

The server has moved on; the page needs a fresh start.